 Dungeon Crawl Stone Soup version 0.31-a0-182-gc5ef74bbde (webtiles) character file.

Game seed: 4944092813723432644

4221 qw the Cleaver (level 10, -5/65 HPs)
             Began as a Gargoyle Fighter on June 20, 2023.
             Was a Priest of Okawaru.
             Slain by Grum
             ... wielding a +1 spear
              (14 damage)
             ... on level 9 of the Dungeon.
             The game lasted 00:03:51 (7616 turns).

qw the Cleaver (Gargoyle Fighter)                   Turns: 7616, Time: 00:03:52

Health: -5/65      AC: 25    Str: 25    XL:     10   Next: 30%
Magic:  22/22      EV: 10    Int:  8    God:    Okawaru [***...]
Gold:   590        SH:  9    Dex:  9    Spells: 9/9 levels left

rFire   . . .        Y - +1 war axe
rCold   . . .        c - +0 buckler
rNeg    + + .        a - +7 scale mail "Civiocki" {rCorr MP+9 Stlth+}
rPois   inf          e - +1 hat
rElec   +            (no cloak)
rCorr   +            n - +1 pair of gloves
SInv    .            l - +0 pair of boots
Will    .....        q - amulet of reflection
Stlth   +            s - +4 ring of slaying {mikee}
HPRegen 0.30/turn    i - ring of positive energy
MPRegen 0.18/turn

%: reflection
@: no status effects
A: sickness immunity, AC +7, negative energy resistance 1, electricity
resistance, torment resistance 1, petrification resistance
a: Renounce Religion, Heroism


You were on level 9 of the Dungeon.
You worshipped Okawaru.
Okawaru was most pleased with you.
You visited 2 branches of the dungeon, and saw 10 of its levels.

You collected 590 gold pieces.


Innate Abilities, Weirdness & Mutations

You are immune to sickness and miasma.
Your stone body is resilient. (AC +7)
You are immune to poison.
You resist negative energy. (rN+)
You are resistant to electric shocks. (rElec)
You are resistant to unholy torment.
You are immune to petrification.


   Skills:
 - Level 8.5 Fighting
 + Level 10.2 Axes
 - Level 4.3 Armour
 - Level 2.0 Dodging
 - Level 5.0 Shields
 - Level 4.2 Invocations


You had 9 spell levels left.
You didn't know any spells.
Your spell library was empty.

Inventory:

Hand Weapons
 o - a +3 flail of freezing
 t - the +6 whip of Fortitude {flame, rC++ Will+++ Str-3 SInv}
   (You found it on level 7 of the Dungeon)

   Str:       It affects your strength (-3).
   rC:        It greatly protects you from cold.
   SInv:      It lets you see invisible.
   Will:      It greatly increases your willpower.
 Y - a +1 war axe (weapon)
Armour
 a - the +7 scale mail "Civiocki" (worn) {rCorr MP+9 Stlth+}
   (You found it on level 3 of the Dungeon)

   MP:        It affects your magic capacity (+9).
   rCorr:     It protects you from acid and corrosion.
   Stlth:     It makes you more stealthy.
 c - a +0 buckler (worn)
 e - a +1 hat (worn)
 h - a +0 cloak of preservation
 l - a +0 pair of boots (worn)
 n - a +1 pair of gloves (worn)
 u - a +0 plate armour
 w - the +6 scale mail of Demons {Contam rC+ Will++ Str+3}
   (You found it on level 9 of the Dungeon)

   Str:       It affects your strength (+3).
   rC:        It protects you from cold.
   Contam:    It causes magical contamination when unequipped.
   Will:      It greatly increases your willpower.
Jewellery
 i - a ring of positive energy (right hand)
 q - an amulet of reflection (around neck)
 s - a +4 ring of slaying (left hand) {mikee}
Wands
 g - a wand of digging (8)
Scrolls
 f - 3 scrolls of teleportation
 v - a scroll of identify
 x - a scroll of fog {unknown}
Potions
 b - a potion of cancellation
 d - a potion of might
 j - 3 potions of enlightenment
 k - a potion of curing
 m - a potion of resistance
 p - 2 potions of lignification
 r - a potion of heal wounds

Dungeon Overview and Level Annotations

Branches:
Dungeon (9/15)             Temple (1/1) D:5             Orc (0/2) D:9
   Lair: D:8-11

Altars:
Ashenzari
Cheibriados
Dithmenos
Elyvilon
Fedhas
Gozag
Hepliaklqana
Kikubaaqudgha
Makhleb
Nemelex Xobeh
Okawaru
Qazlal
Ru
Sif Muna
Trog
Vehumet
Wu Jian
Xom
Zin
The Shining One

Shops:
D:4 *   D:7 *

Annotations:
D:9 Grum


Message History

Something hits you but does no damage.
You swing at nothing.
You swing at nothing.
Something hits you!
You swing at nothing.
Something hits you!
You swing at nothing.
Something hits you.
You swing at nothing.
You swing at nothing.
Something hits you but does no damage.
You swing at nothing.
Something hits you but does no damage.
You swing at nothing.
Something hits you but does no damage.
You swing at nothing.
You swing at nothing.
Something hits you but does no damage.
You swing at nothing.
You feel like a meek peon again. Something hits you.
You swing at nothing.
Something hits you but does no damage.
You swing at nothing.
Something hits you but does no damage.
You swing at nothing.
Something hits you.
You swing at nothing.
Something hits you but does no damage.
You swing at nothing.
Something hits you but does no damage.
You swing at nothing.
Something hits you!
You swing at nothing.
Something hits you!
You swing at nothing.
Something completely misses you.
You swing at nothing.
Something hits you!
You die...

#.........#.....########.........
##'####...#.....# .....#.........
.....##...#.....#......#.........
.....#....#.....#......##%#######
...<.#....#.....'...... #........
.....#....#.....######+##........
.....#....#....)))......#........
..>..#....#....)........#......>.
.....#....#..?..@.......+........
.....#....#....%%.......#........
#.##.#.....{.......#........
####'######...?....#...##...
#.......#........###+##...
#.......#........ +....
#.......#........ #....
#.......#........ . #....
#.......# #.#####


There were no monsters in sight!

Vanquished Creatures
  Maurice (D:9)
  3 wyverns
  3 steam dragons
  Duvessa (D:6)
  A water moccasin (D:4)
  2 ice beasts (D:6)
  2 sky beasts
  4 black bears
  An orc warrior (D:8)
  An ogre (D:4)
  2 wolves (D:9)
  2 centaurs
  A lemure (D:7)
  Blork the orc (D:6)
  2 kobold brigands (D:7)
  A bullfrog (D:7)
  4 scorpions
  7 wights
  Dowan (D:6)
  An oklob sapling (D:5)
  3 killer bees (D:7)
  5 howler monkeys
  2 hounds
  A sleepcap (D:5)
  Terence (D:2)
  2 iguanas
  2 orc wizards (D:8)
  4 adders
  4 gnolls (D:3)
  2 white imps
  2 worms
  2 dart slugs
  12 orcs
  9 ball pythons
  5 bats
  5 endoplasms
  3 giant cockroaches
  11 goblins
  8 hobgoblins
  4 jackals (D:2)
  16 kobolds
  5 quokkas
  4 frilled lizards
  9 rats
162 creatures vanquished.

Notes
Turn   | Place    | Note
-------+----------+-------------------------------------------
     0 | D:1      | qw the Gargoyle Fighter began the quest for the Orb.
     0 | D:1      | Reached XP level 1. HP: 14/14 MP: 1/1
     0 | D:1      | 0 ||| qw: Version: 0.3-a-9-g12657ce
     0 | D:1      | 0 ||| qw: Game counter: 1367
     0 | D:1      | 0 ||| qw: Always use a shield: true
     0 | D:1      | 0 ||| qw: God list: Okawaru
     0 | D:1      | 0 ||| qw: Allow faded altars: false
     0 | D:1      | 0 ||| qw: Do Orc after D:15 true
     0 | D:1      | 0 ||| qw: Do second Lair branch before Depths: true
     0 | D:1      | 0 ||| qw: Lair rune preference: random
     0 | D:1      | 0 ||| qw: Plans: Normal, Zot:1-4, Slime:5, God:TSO, Crypt,
                  | Tomb, Abyss, Pan, Hells, Win
     0 | D:1      | 0 ||| PLANNING D:1-11
    47 | D:1      | 47 ||| Stepping ~*~*~tactically~*~*~ (hiding).
   166 | D:1      | 166 ||| Stepping ~*~*~tactically~*~*~ (stealth).
   169 | D:1      | Reached skill level 2 in Axes
   259 | D:1      | Reached XP level 2. HP: 8/19 MP: 2/2
   656 | D:1      | Reached skill level 3 in Axes
   747 | D:1      | Reached XP level 3. HP: 23/23 MP: 3/3
   795 | D:1      | 795 ||| Stepping ~*~*~tactically~*~*~ (hiding).
   796 | D:1      | 796 ||| Stepping ~*~*~tactically~*~*~ (hiding).
  1093 | D:1      | 1093 ||| READING 2 scrolls labelled QEAMEQ MAWEKUM.
  1096 | D:1      | 1096 ||| READING scroll labelled UMEGRE CUUTS.
  1097 | D:1      | 1097 ||| DRINKING 2 bubbling inky potions.
  1141 | D:2      | 1141 ||| Stepping ~*~*~tactically~*~*~ (stealth).
  1183 | D:2      | 1183 ||| FLEEEEING.
  1184 | D:2      | 1184 ||| FLEEEEING.
  1185 | D:2      | 1185 ||| FLEEEEING.
  1186 | D:2      | 1186 ||| FLEEEEING.
  1187 | D:2      | 1187 ||| STAIRDANCE
  1202 | D:2      | 1202 ||| STAIRDANCE
  1262 | D:2      | 1262 ||| Stepping ~*~*~tactically~*~*~ (stealth).
  1316 | D:2      | Reached XP level 4. HP: 22/28 MP: 4/4
  1317 | D:2      | 1317 ||| FLEEEEING.
  1318 | D:2      | 1318 ||| FLEEEEING.
  1319 | D:2      | 1319 ||| FLEEEEING.
  1320 | D:2      | 1320 ||| FLEEEEING.
  1321 | D:2      | 1321 ||| FLEEEEING.
  1322 | D:2      | 1322 ||| FLEEEEING.
  1323 | D:2      | 1323 ||| FLEEEEING.
  1324 | D:2      | 1324 ||| STAIRDANCE
  1337 | D:1      | 1337 ||| READING scroll labelled IPPEXU YSTITH.
  1447 | D:2      | Reached skill level 4 in Axes
  1482 | D:2      | 1482 ||| Stepping ~*~*~tactically~*~*~ (hiding).
  1483 | D:2      | 1483 ||| Stepping ~*~*~tactically~*~*~ (hiding).
  1676 | D:2      | Noticed Terence
  1693 | D:2      | Killed Terence
  1709 | D:2      | 1709 ||| DROPPING +0 whip.
  1718 | D:2      | 1718 ||| READING scroll labelled VAOXYXTOVI.
  1756 | D:3      | 1756 ||| Stepping ~*~*~tactically~*~*~ (hiding).
  1767 | D:3      | Reached XP level 5. HP: 20/32 MP: 5/5
  1770 | D:3      | HP: 8/32 [gnoll/+0 spear (5)]
  1771 | D:3      | 1771 ||| READING 2 scrolls of teleportation.
  1772 | D:3      | 1772 ||| DRINKING potion of heal wounds.
  1776 | D:3      | 1776 ||| Stepping ~*~*~tactically~*~*~ (hiding).
  1791 | D:3      | HP: 2/32 [gnoll/+0 spear (7)]
  1792 | D:3      | 1792 ||| READING scroll of teleportation.
  1923 | D:3      | Identified the +7 scale mail "Civiocki" {rCorr MP+9 Stlth+}
  1957 | D:3      | 1957 ||| DROPPING +0 mace.
  2026 | D:3      | Reached skill level 5 in Axes
  2141 | D:3      | Found a glowing silver altar of Zin.
  2274 | D:3      | 2274 ||| UPGRADING to +7 scale mail "Civiocki" {rCorr MP+9
                  | Stlth+}.
  2284 | D:3      | 2284 ||| DROPPING +0 scale mail.
  2285 | D:3      | 2285 ||| UPGRADING to +1 pair of gloves.
  2349 | D:3      | 2349 ||| UPGRADING to amulet of regeneration.
  2354 | D:3      | 2354 ||| READING scroll labelled SUMA JEC LAO.
  2355 | D:3      | 2355 ||| READING scroll labelled JAGHIH POFOSH.
  2356 | D:3      | 2356 ||| READING 2 scrolls of identify.
  2356 | D:3      | 2356 ||| IDENTIFYING glowing grey potion
  2577 | D:4      | Noticed a water moccasin
  2587 | D:4      | Killed a water moccasin
  2588 | D:4      | Reached XP level 6. HP: 38/40 MP: 6/6
  2727 | D:4      | Found Gozag's Platinum Reserve.
  2736 | D:4      | Found an opulent altar of Gozag.
  2797 | D:4      | 2797 ||| SHOPLISTING amulet "Ybrih" {Regen+ Str+5} (4750
                  | gold, have 245).
  2797 | D:4      | 2797 ||| SHOPLISTING amulet of Qall {RegenMP rF+ rCorr}
                  | (4960 gold, have 245).
  2968 | D:4      | Reached skill level 1 in Dodging
  3045 | D:4      | 3045 ||| UPGRADING to +1 hat.
  3050 | D:4      | 3050 ||| UPGRADING to amulet of reflection.
  3060 | D:4      | 3060 ||| DROPPING amulet of regeneration.
  3061 | D:4      | 3061 ||| UPGRADING to +4 ring of slaying {mikee}.
  3062 | D:4      | 3062 ||| READING scroll labelled ESIFRU ANYMO.
  3063 | D:4      | 3063 ||| DRINKING 3 puce potions.
  3064 | D:4      | 3064 ||| READING 3 scrolls of identify.
  3064 | D:4      | 3064 ||| IDENTIFYING bubbling ruby potion
  3065 | D:4      | 3065 ||| READING 2 scrolls of identify.
  3065 | D:4      | 3065 ||| IDENTIFYING smoky white potion
  3066 | D:4      | 3066 ||| DROPPING potion of ambrosia.
  3111 | D:5      | Entered Level 5 of the Dungeon
  3130 | D:5      | 3130 ||| Stepping ~*~*~tactically~*~*~ (stealth).
  3132 | D:5      | 3132 ||| Stepping ~*~*~tactically~*~*~ (hiding).
  3368 | D:5      | Reached XP level 7. HP: 44/44 MP: 7/7
  3378 | D:5      | Found a bloodstained altar of Trog.
  3445 | D:5      | Found a staircase to the Ecumenical Temple.
  3446 | D:5      | 3446 ||| PLANNING TEMPLE
  3462 | D:5      | Reached skill level 6 in Axes
  3531 | D:5      | 3531 ||| UPGRADING to +0 pair of boots.
  3536 | D:5      | 3536 ||| READING scroll labelled ASOALY IDOKH.
  3537 | D:5      | 3537 ||| READING 3 scrolls of identify.
  3537 | D:5      | 3537 ||| IDENTIFYING fuming blue potion
  3540 | Temple   | Entered the Ecumenical Temple
  3587 | Temple   | 3587 ||| PLANNING OKAWARU WORSHIP
  3745 | Temple   | Became a worshipper of Warmaster Okawaru
  3746 | Temple   | 3746 ||| PLANNING D:1-11
  3840 | D:5      | Found an ornate altar of the Wu Jian Council.
  3981 | D:5      | 3981 ||| UPGRADING to ring of positive energy.
  4135 | D:6      | Reached skill level 7 in Axes
  4135 | D:6      | Reached XP level 8. HP: 48/49 MP: 8/8
  4189 | D:6      | Reached * piety under Okawaru
  4213 | D:6      | Reached skill level 1 in Invocations
  4284 | D:6      | Noticed Blork the orc
  4286 | D:6      | 4286 ||| INVOKING Heroism.
  4293 | D:6      | Killed Blork the orc
  4294 | D:6      | Reached skill level 8 in Axes
  4436 | D:6      | Reached skill level 3 in Invocations
  4483 | D:6      | 4483 ||| Stepping ~*~*~tactically~*~*~ (stealth).
  4485 | D:6      | 4485 ||| INVOKING Heroism.
  4486 | D:6      | 4486 ||| Stepping ~*~*~tactically~*~*~ (cloud).
  4497 | D:6      | 4497 ||| Stepping ~*~*~tactically~*~*~ (cloud).
  4499 | D:6      | 4499 ||| Stepping ~*~*~tactically~*~*~ (cloud).
  4515 | D:6      | 4515 ||| FLEEEEING.
  4863 | D:6      | Found a snail-covered altar of Cheibriados.
  4961 | D:6      | Noticed Duvessa
  4961 | D:6      | Noticed Dowan
  4962 | D:6      | 4962 ||| Stepping ~*~*~tactically~*~*~ (stealth).
  4963 | D:6      | 4963 ||| INVOKING Heroism.
  4972 | D:6      | Killed Duvessa
  4973 | D:6      | Reached skill level 6 in Fighting
  4975 | D:6      | Killed Dowan
  4976 | D:6      | Reached XP level 9. HP: 44/56 MP: 12/12
  5034 | D:6      | 5034 ||| Stepping ~*~*~tactically~*~*~ (stealth).
  5086 | D:6      | 5086 ||| DROPPING +0 flail.
  5384 | D:6      | 5384 ||| READING 2 scrolls of identify.
  5384 | D:6      | 5384 ||| IDENTIFYING orange potion
  5590 | D:7      | 5590 ||| Stepping ~*~*~tactically~*~*~ (stealth).
  5690 | D:7      | Reached skill level 9 in Axes
  5693 | D:7      | Found Ukluoh's General Store.
  5717 | D:7      | 5717 ||| Stepping ~*~*~tactically~*~*~ (hiding).
  5718 | D:7      | 5718 ||| Stepping ~*~*~tactically~*~*~ (hiding).
  5720 | D:7      | 5720 ||| Stepping ~*~*~tactically~*~*~ (hiding).
  5721 | D:7      | 5721 ||| INVOKING Heroism.
  5755 | D:7      | Found a radiant altar of Vehumet.
  5808 | D:7      | Found a shadowy altar of Dithmenos.
  5809 | D:7      | Found a hazy altar of Hepliaklqana.
  5825 | D:7      | 5825 ||| Stepping ~*~*~tactically~*~*~ (stealth).
  5832 | D:7      | Reached ** piety under Okawaru
  5910 | D:7      | Identified the +6 whip of Fortitude {flame, rC++ Will+++
                  | Str-3 SInv}
  5978 | D:7      | 5978 ||| INVOKING Heroism.
  5981 | D:7      | 5981 ||| Stepping ~*~*~tactically~*~*~ (stealth).
  5998 | D:7      | 5998 ||| INVOKING Heroism.
  6219 | D:7      | 6219 ||| READING scroll labelled ZEIHAO XYDOATT.
  6265 | D:8      | Identified the +0 robe "Leowes" {*Corrode Int+4 Dex+3}
  6308 | D:8      | 6308 ||| Stepping ~*~*~tactically~*~*~ (stealth).
  6310 | D:8      | 6310 ||| Stepping ~*~*~tactically~*~*~ (hiding).
  6351 | D:8      | 6351 ||| Stepping ~*~*~tactically~*~*~ (hiding).
  6352 | D:8      | 6352 ||| INVOKING Heroism.
  6603 | D:8      | 6603 ||| INVOKING Heroism.
  6610 | D:8      | Reached skill level 10 in Axes
  6838 | D:8      | Found a broken altar of Ashenzari.
  6870 | D:8      | Found a flagged portal.
  7132 | D:9      | Reached XP level 10. HP: 59/64 MP: 13/13
  7189 | D:9      | Noticed Maurice
  7199 | D:9      | Killed Maurice
  7248 | D:9      | Identified the +6 scale mail of Demons {Contam rC+ Will++
                  | Str+3}
  7345 | D:9      | Found a staircase to the Orcish Mines.
  7572 | D:9      | Noticed Grum
  7573 | D:9      | 7573 ||| INVOKING Heroism.
  7585 | D:9      | Reached *** piety under Okawaru
  7614 | D:9      | HP: 8/65 [something (10)]
  7616 | D:9      | Slain by Grum

Levels and vault maps discovered:
D:1:      dpeg_arrival_tiny_g, layout_basic
D:2:      layout_rooms, uniq_terence
D:3:      layout_rooms, zin_treasury
D:4:      layout_loops_cross, nicolae_gozag_zags_fifth_avenue,
          minmay_quadrilaterals
D:5:      layout_cave_pools, lemuel_coloured_pillars_altar, bloody_trog,
          minmay_temple_entry_oklob
D:6:      layout_layer_cave, kennysheep_mini_moat, uniq_blork_the_orc,
          uniq_duvessa
D:7:      layout_basic, riverfiend_overflow_shadow_ancestor,
          mainiacjoe_overflow_brackets, serial_shops, shop, patterned_corridor,
          uniq_pikel
D:8:      layout_basic, nicolae_ashenzari_skybound, enter_bailey_5
D:9:      layout_gridville, lemuel_mausoleum_altar_yredelemnul,
          nicolae_uskayaw_dance_hall, orc_0_dummy, uniq_grum, uniq_maurice
Temple:   nicolae_temple_bog_church

Skill      XL: |  1  2  3  4  5  6  7  8  9 10 |
---------------+-------------------------------+-----
Axes           | 2 3 4 5 7 8 10 | 10.2
Fighting       | 5 6 7 8 |  8.5
Dodging        | 1 2 |  2.0
Invocations    | 4 |  4.2
Shields        | 4 5 |  5.0
Armour         | 4 |  4.3

Action                     |  1- 3 |  4- 6 |  7- 9 | 10-12 || total
---------------------------+-------+-------+-------+-------++-------
  Melee: War axe           |   166 |   135 |   231 |    39 ||   571
  Throw: Boomerang         |       |    31 |    10 |       ||    41
 Invoke: Heroism           |       |       |     8 |     1 ||     9
    Use: Scroll            |     2 |    10 |     4 |       ||    16
         Potion            |     1 |     2 |       |       ||     3
 Armour: Scale mail        |   103 |    87 |   124 |    25 ||   339
  Dodge: Dodged            |    83 |    73 |    65 |    17 ||   238
  Block: Buckler           |    35 |    25 |    96 |    13 ||   169
         Reflection        |       |       |     3 |       ||     3

Table legend:
 A = Non-vault XP
 B = Vault XP
 C = Vault XP percentage of total XP
 D = Non-vault monster count
 E = Vault monster count
 F = Vault count percentage of total count
                 A         B        C        D         E       F
            +---------+---------+-------+---------+---------+-------
      Total |    4766 |    1265 |  21.0 |     144 |      17 |  10.6
            +---------+---------+-------+---------+---------+-------
        D:1 |      49 |       0 |   0.0 |      28 |       0 |   0.0
        D:2 |      68 |      36 |  34.6 |      27 |       1 |   3.6
        D:3 |      79 |       0 |   0.0 |      16 |       0 |   0.0
        D:4 |     161 |     167 |  50.9 |       7 |       5 |  41.7
        D:5 |     247 |      60 |  19.5 |      12 |       1 |   7.7
        D:6 |    1475 |     316 |  17.6 |      16 |       3 |  15.8
        D:7 |    1167 |       0 |   0.0 |      19 |       0 |   0.0
        D:8 |     807 |       7 |   0.9 |      13 |       4 |  23.5
        D:9 |     713 |     679 |  48.8 |       6 |       3 |  33.3
            +---------+---------+-------+---------+---------+-------
